[Event "Team 45 45 League T58"]
[Site "Internet Chess Club"]
[Date "2013.09.28"]
[Round "6"]
[White "fishhead"]
[Black "taylorgang73"]
[Result "0-1"]
[WhiteElo "1813"]
[BlackElo "1803"]
[Opening "Sicilian: Anderssen variation"]
[ECO "B41"]
[Time "14:00:59"]
[TimeControl "2700+45"]

1. e4 c5 2. Nf3 e6 3. d4 cxd4 4. Nxd4 Nf6 5. Bd3 Nc6 6. Nxc6 bxc6 7. O-O d5 8.
e5 Nd7 9. Bf4 Rb8 10. b3 g6 11. Nd2 Bg7 12. Re1 O-O 13. c4 Nc5 14. Bc2 d4 15.
Rc1 Nd7 16. Nf3 c5 17. Qd2 Bb7 18. Be4 Bxe4 19. Rxe4 Qc7 20. Rce1 Rbd8 21. Bh6
Nb8 22. Rh4 f6 23. exf6 Rxf6 24. Bg5 Rxf3 25. gxf3 Rf8 26. Rxe6 Qf7 27. Qe2 Qf5
28. f4 d3 29. Qe4 d2 {White resigns} 0-1

[Event "Team 45 45 League T58"]
[Site "Internet Chess Club"]
[Date "2013.09.28"]
[Round "6"]
[White "alexping"]
[Black "bat30"]
[Result "1/2-1/2"]
[WhiteElo "1845"]
[BlackElo "1930"]
[Opening "QGD: classical variation (5.Bf4)"]
[ECO "D37"]
[Time "23:34:14"]
[TimeControl "2700+45"]

1. d4 d5 2. c4 e6 3. Nf3 Nf6 4. Nc3 Be7 5. Bf4 O-O 6. e3 b6 7. cxd5 Nxd5 8. Nxd5
Qxd5 9. Bxc7 Ba6 10. Bxb8 Bxf1 11. Kxf1 Raxb8 12. Qb3 Qxb3 13. axb3 Rfc8 14. g3
a5 15. Ne5 Rc2 16. Rb1 Bb4 17. Kg2 Rbc8 18. Rhd1 b5 19. Kf3 Bd2 20. Nd3 Ra8 21.
Ra1 Kf8 22. g4 f6 23. Rab1 Rd8 24. Nc5 Ke7 25. Ne4 Bb4 26. Rdc1 Rdc8 27. Nc3
Rxc1 28. Rxc1 Kd7 29. Na2 Rxc1 30. Nxc1 Kc6 31. Nd3 Bd6 32. h3 Kd5 33. Nf4+ Bxf4
34. Kxf4 a4 35. Kf3 axb3 36. Ke2 Kc4 37. f3 g5 38. Kd2 f5 39. Ke2 f4 40. exf4
gxf4 41. h4 Kxd4 42. h5 Ke5 43. Kd3 h6 44. Kc3 Kf6 45. Kxb3 e5 46. Kc3 e4 47.
fxe4 Kg5 48. e5 f3 49. Kd2 Kxg4 50. e6 Kg3 51. e7 f2 52. e8=Q f1=Q 53. Qg6+ Kh4
54. Qxh6 Qf2+ 55. Kc1 Qe1+ 56. Kc2 Qe4+ 57. Kc1 {Game drawn by mutual agreement}
1/2-1/2

[Event "Team 45 45 League T58"]
[Site "Internet Chess Club"]
[Date "2013.09.28"]
[Round "6"]
[White "HumanTornado"]
[Black "bobhill"]
[Result "1/2-1/2"]
[WhiteElo "1982"]
[BlackElo "1912"]
[Opening "Sicilian: dragon variation"]
[ECO "B70"]
[Time "23:08:13"]
[TimeControl "2700+45"]

1. Nf3 c5 2. e4 d6 3. d4 cxd4 4. Nxd4 Nf6 5. Nc3 g6 6. Be2 Bg7 7. O-O O-O 8. Re1
Nc6 9. Nb3 a6 10. Bf1 Be6 11. Nd5 b5 12. c3 Ng4 13. h3 Nf6 14. Bg5 Bxd5 15. exd5
Ne5 16. a4 h6 17. Bxf6 Bxf6 18. axb5 axb5 19. Bxb5 Qb6 20. Nd4 Rxa1 21. Qxa1 Rc8
22. Qa6 Qd8 23. Nc6 Qf8 24. Ra1 g5 25. Qb7 Ng6 26. Ra7 Kg7 27. Ba6 Re8 28. c4
Ne5 29. b4 h5 30. Bb5 Nxc6 31. Bxc6 Rb8 32. Ra8 Rxa8 33. Qxa8 Qxa8 34. Bxa8 Bd4
35. Kf1 Kf6 36. Bc6 e6 37. Ke2 h4 38. f3 Ke5 39. Be8 exd5 40. Bxf7 dxc4 41. Bxc4
{Game drawn by mutual agreement} 1/2-1/2

[Event "Team 45 45 League T58"]
[Site "Internet Chess Club"]
[Date "2013.09.29"]
[Round "6"]
[White "Beetlejuice"]
[Black "Zugzwanged"]
[Result "1/2-1/2"]
[WhiteElo "1764"]
[BlackElo "1773"]
[Opening "Catalan opening"]
[ECO "E00"]
[Time "10:04:27"]
[TimeControl "2700+45"]

1. d4 Nf6 2. c4 e6 3. g3 Bb4+ 4. Bd2 Qe7 5. Bg2 O-O 6. Nc3 Bxc3 7. Bxc3 d5 8.
Qb3 Rd8 9. Nf3 Nc6 10. O-O Ne4 11. cxd5 exd5 12. e3 Nxc3 13. Qxc3 Nb8 14. Rac1
c6 15. b4 a6 16. Ne5 Nd7 17. Nd3 Nb6 18. Qc5 Qxc5 19. bxc5 Nc4 20. Rfd1 Bf5 21.
Rc3 Rd7 22. Rb3 Rb8 23. Rc1 Na5 24. Ra3 Nc4 25. Rb3 Na5 26. Ra3 Nc4 27. Rb3
{Game drawn by repetition} 1/2-1/2

[Event "Team 45 45 League T58"]
[Site "Internet Chess Club"]
[Date "2013.09.28"]
[Round "6"]
[White "calily"]
[Black "rubo"]
[Result "0-1"]
[WhiteElo "1587"]
[BlackElo "1659"]
[Opening "Caro-Kann: Tartakower (fantasy) variation"]
[ECO "B12"]
[Time "01:25:00"]
[TimeControl "2700+45"]

1. e4 c6 2. d4 d5 3. f3 dxe4 4. fxe4 e5 5. Nf3 Bg4 6. Bc4 Bxf3 7. Qxf3 Nf6 8.
dxe5 Qa5+ 9. Nc3 Qxe5 10. Bf4 Qd4 11. Bb3 Bb4 12. Be3 Bxc3+ 13. bxc3 Qxc3+ 14.
Ke2 Qe5 15. Rad1 Qxe4 16. Rhf1 Qxf3+ 17. Rxf3 O-O 18. Rdf1 Nbd7 19. Bd4 Rae8+
20. Kd1 c5 21. Bb2 b5 22. c4 a6 23. h3 Re4 24. g4 Ne5 25. Bxe5 Rxe5 26. Kc2 h6
27. Kb2 b4 28. Rf5 Re2+ 29. Kb1 Ne4 30. R1f3 Nd2+ 31. Kc1 Nxf3 32. Rxf3 Rfe8
{White resigns} 0-1

[Event "Team 45 45 League T58"]
[Site "Internet Chess Club"]
[Date "2013.09.28"]
[Round "6"]
[White "santiagoelawad"]
[Black "thecube"]
[Result "1-0"]
[WhiteElo "2000"]
[BlackElo "1799"]
[Opening "Réti: King's Indian attack, Yugoslav variation"]
[ECO "A00"]
[Time "15:08:06"]
[TimeControl "2700+45"]

1. g3 d5 2. Bg2 Nf6 3. Nf3 c6 4. O-O Bg4 5. d4 Nbd7 6. Nbd2 e6 7. c4 Be7 8. Qc2
O-O 9. Re1 Qc7 10. h3 Bf5 11. Qb3 a6 12. Nh4 Bg6 13. Nxg6 fxg6 14. e4 b5 15.
cxd5 cxd5 16. exd5 Nxd5 17. Bxd5 exd5 18. Qxd5+ Kh8 19. Rxe7 Nf6 20. Rxc7 Nxd5
21. Rd7 Nb6 22. Rd6 Nc8 23. Re6 Rd8 24. Nf3 Nd6 25. Bg5 Rf8 26. Rxd6 Rxf3 27.
Re1 h6 28. Rd8+ Rxd8 29. Bxd8 Rd3 30. Bb6 Rd2 31. Rb1 a5 32. Kf1 a4 33. Ke1 Rc2
34. d5 b4 35. d6 Rc6 36. d7 Re6+ 37. Kf1 {Black resigns} 1-0

[Event "Team 45 45 League T58"]
[Site "Internet Chess Club"]
[Date "2013.09.29"]
[Round "6"]
[White "pishd"]
[Black "WillC"]
[Result "1/2-1/2"]
[WhiteElo "1768"]
[BlackElo "1682"]
[Opening "QGD Slav: exchange variation"]
[ECO "D13"]
[Time "13:09:37"]
[TimeControl "2700+45"]

1. d4 d5 2. Nf3 Nf6 3. c4 c6 4. cxd5 cxd5 5. Nc3 g6 6. Qb3 Bg7 7. Bg5 e6 8. e3
O-O 9. Ne5 a6 10. Bd3 Nbd7 11. O-O Qb6 12. Qxb6 Nxb6 13. a4 Nbd7 14. f4 h6 15.
Bh4 Nxe5 16. fxe5 Ng4 17. Rf3 h5 18. e4 f6 19. h3 dxe4 20. Bxe4 f5 21. hxg4 fxe4
22. Rxf8+ Bxf8 23. Nxe4 hxg4 24. Nf6+ Kg7 25. Nxg4 Bd7 26. Rc1 Rc8 27. Rxc8 Bxc8
28. Nf6 b5 29. axb5 axb5 30. Kf2 Bb7 31. g4 Bb4 32. Ke3 Bc6 33. Ke2 Ba5 34. Be1
Bb6 35. Ke3 Kh6 36. Bh4 g5 37. Be1 Kg6 38. Bb4 Bd8 39. Ne4 Bd5 40. Bd6 Bc4 41.
b4 Bb3 42. Nc3 Bc4 43. d5 exd5 44. Kd4 Kf7 45. Nxd5 Ke6 46. Ne3 Be2 47. Kc5 Kd7
48. Kd5 Bf3+ 49. Kc5 Be2 {Game drawn by mutual agreement} 1/2-1/2

[Event "Team 45 45 League T58"]
[Site "Internet Chess Club"]
[Date "2013.09.30"]
[Round "6"]
[White "SugarIslander"]
[Black "FourKnights"]
[Result "1/2-1/2"]
[WhiteElo "1724"]
[BlackElo "1804"]
[Opening "Nimzo-Indian: classical, Noa variation, 5.cd ed"]
[ECO "E35"]
[Time "16:00:24"]
[TimeControl "2700+45"]

1. d4 Nf6 2. c4 e6 3. Nc3 Bb4 4. Qc2 d5 5. cxd5 exd5 6. Bd2 O-O 7. e3 Nc6 8. a3
Bxc3 9. Bxc3 Ne4 10. Bd3 f5 11. Ne2 Ne7 12. O-O Nxc3 13. Nxc3 Be6 14. Rac1 c6
15. b4 a6 16. Na4 Rb8 17. Nc5 Qd6 18. Nxe6 Qxe6 19. a4 g6 20. a5 Qd6 21. Qc5
Rfd8 22. Rc2 Ra8 23. Rfc1 Kg7 24. Qc3 Kg8 25. Qb2 Rf8 26. Rc5 Rfd8 27. R1c3 Rf8
28. Rc1 Rfd8 29. f3 Rf8 30. Qa2 Kg7 31. Re1 Rad8 {Game drawn by mutual
agreement} 1/2-1/2

[Event "Team 45 45 League T58"]
[Site "Internet Chess Club"]
[Date "2013.09.29"]
[Round "6"]
[White "timothysmall56"]
[Black "stupidmeerkat"]
[Result "1-0"]
[WhiteElo "1715"]
[BlackElo "1678"]
[Opening "Sicilian: Canal-Sokolsky (Nimzovich-Rossolimo, Moscow) attack"]
[ECO "B51"]
[Time "14:13:36"]
[TimeControl "2700+45"]

1. e4 c5 2. Nf3 d6 3. Bb5+ Nc6 4. Bxc6+ bxc6 5. O-O Nf6 6. Nc3 g6 7. h3 Bg7 8.
e5 Nh5 9. exd6 exd6 10. Re1+ Be6 11. g4 Nf4 12. d4 cxd4 13. Nxd4 Nxh3+ 14. Kg2
Ng5 15. Bxg5 Qxg5 16. Nxe6 fxe6 17. Rxe6+ Kf7 18. Rxd6 Rac8 19. Ne4 Qf4 20. Rd7+
Kf8 21. Nd6 Rb8 22. Rf7+ Qxf7 23. Nxf7 Kxf7 24. Qd7+ Kf6 25. Qxc6+ Kg5 26. Rd1
Rbc8 27. Rd5+ Kxg4 28. Qd7+ {Black resigns} 1-0

[Event "Team 45 45 League T58"]
[Site "Internet Chess Club"]
[Date "2013.10.03"]
[Round "6"]
[White "pcvan"]
[Black "seattleblues"]
[Result "1/2-1/2"]
[WhiteElo "1486"]
[BlackElo "1508"]
[Opening "Nimzo-Indian: Leningrad variation"]
[ECO "E30"]
[Time "21:16:13"]
[TimeControl "2700+45"]

1. d4 Nf6 2. c4 e6 3. Nc3 Bb4 4. Bg5 h6 5. Bxf6 Qxf6 6. Nf3 b6 7. e3 Bb7 8. Bd3
O-O 9. O-O Bxf3 10. Qxf3 Qxf3 11. gxf3 Bxc3 12. bxc3 c5 13. Rab1 d6 14. Be4 d5
15. cxd5 f5 16. Bc2 exd5 17. Bb3 c4 18. Bc2 Nc6 19. e4 Ne7 20. Rb5 Rad8 21. a4
Rd6 22. Re1 a6 23. Rb2 fxe4 24. fxe4 Rf3 25. e5 Re6 26. Re3 Rf4 {Game drawn by
mutual agreement} 1/2-1/2

[Event "Team 45 45 League T58"]
[Site "Internet Chess Club"]
[Date "2013.09.30"]
[Round "6"]
[White "akshayk06"]
[Black "Merlin43"]
[Result "1/2-1/2"]
[WhiteElo "1474"]
[BlackElo "1419"]
[Opening "QGD: Orthodox defense, Botvinnik variation"]
[ECO "D60"]
[Time "13:00:28"]
[TimeControl "2700+45"]

1. d4 d5 2. c4 e6 3. Nc3 Nf6 4. Bg5 Be7 5. e3 O-O 6. Nf3 Nbd7 7. Bd3 b6 8. O-O
Bb7 9. Rc1 c5 10. cxd5 exd5 11. Ne5 Nxe5 12. dxe5 Ne4 13. Bxe7 Qxe7 14. f4 Nxc3
15. Rxc3 f6 16. Qc2 g6 17. f5 fxe5 18. fxg6 hxg6 19. Bxg6 Rxf1+ 20. Kxf1 Rf8+
21. Bf5 Qh4 {Game drawn by mutual agreement} 1/2-1/2

[Event "Team 45 45 League T58"]
[Site "Internet Chess Club"]
[Date "2013.09.28"]
[Round "6"]
[White "Visin"]
[Black "Conjurer"]
[Result "1/2-1/2"]
[WhiteElo "1260"]
[BlackElo "1366"]
[Opening "Van't Kruijs opening"]
[ECO "A00"]
[Time "12:31:05"]
[TimeControl "2700+45"]

1. e3 e5 2. g3 e4 3. Nc3 f5 4. Bg2 Nf6 5. b3 c5 6. Bb2 Nc6 7. Nge2 d5 8. d4 Be7
9. O-O O-O 10. Nf4 cxd4 11. exd4 a6 12. Rc1 b5 13. Nce2 Bb7 14. Ne6 Qa5 15. Nxf8
Bxf8 16. a3 b4 17. a4 Rc8 18. c3 Ne7 19. cxb4 Qxb4 20. Rxc8 Bxc8 21. Qc2 Bd7 22.
Rc1 Nc6 23. Bf1 Na5 24. Bc3 Qb6 25. Bxa5 Qxa5 26. Nf4 Qb6 27. Ne2 a5 28. Rb1 Bb4
29. Nc3 Qxd4 30. Rc1 e3 31. Bb5 Bc5 32. Kf1 exf2 33. Ne2 Qg4 34. Qxc5 Qh3+ 35.
Kxf2 Ne4+ 36. Ke1 Nxc5 37. Rxc5 Bxb5 38. axb5 Qxh2 39. b6 Qh1+ 40. Kd2 Qh6+ 41.
Nf4 Qxb6 42. Rc8+ Kf7 43. Rc3 Qf2+ 44. Ne2 d4 45. Rd3 f4 46. gxf4 Ke6 47. Rxd4
Qf3 48. Rd3 Qb7 49. Nd4+ Kf6 50. Ne2 Qb4+ 51. Ke3 h5 52. Kf2 h4 53. Kf1 Qe4 54.
Rh3 g5 55. fxg5+ Kxg5 56. Rh2 Qf3+ 57. Rf2 Qxb3 58. Rg2+ Kh6 59. Rh2 h3 60. Nf4
Qd1+ 61. Kf2 Qd4+ 62. Kf3 Qd1+ 63. Kg3 Qg1+ 64. Kxh3 Qxh2+ 65. Kxh2 a4 66. Ne2
Kg5 67. Kg2 Kf5 68. Kf3 Ke5 69. Ke3 Kd5 70. Kd3 Kc5 71. Kc3 Kb5 72. Nc1 a3 73.
Kb3 {Game drawn by mutual agreement} 1/2-1/2

[Event "Team 45 45 League T58"]
[Site "Internet Chess Club"]
[Date "2013.09.29"]
[Round "6"]
[White "divy7"]
[Black "Mitochondria"]
[Result "1-0"]
[WhiteElo "1659"]
[BlackElo "1473"]
[Opening "French: exchange variation"]
[ECO "C01"]
[Time "20:22:02"]
[TimeControl "2700+45"]

1. e4 e6 2. d4 d5 3. exd5 exd5 4. Bd3 Nf6 5. Bf4 Bd6 6. Bxd6 Qxd6 7. Nf3 O-O 8.
O-O Re8 9. Nbd2 Nc6 10. c3 Bd7 11. Re1 Ng4 12. h3 Nf6 13. Re2 Rxe2 14. Qxe2 Re8
15. Qf1 h6 16. Re1 Re7 17. Rxe7 Qxe7 18. Qe1 Qxe1+ 19. Nxe1 Ne7 20. Kf1 Bf5 21.
Ke2 g5 22. Bxf5 Nxf5 23. Nc2 Nd6 24. Ne3 c6 25. Nc2 Kg7 26. Ke3 Nfe4 27. Nxe4
Nxe4 28. Ne1 Kg6 29. Nf3 f6 30. Nd2 Nxd2 31. Kxd2 f5 32. Ke3 f4+ 33. Kf3 Kf5 34.
g3 fxg3 35. fxg3 b5 36. b3 h5 37. h4 g4+ 38. Ke3 a6 39. b4 Kg6 40. Kf4 Kf6 41.
a3 Kg6 42. Ke5 Kf7 43. Kd6 Kf6 44. Kxc6 Kf5 45. Kxd5 {Black resigns} 1-0

[Event "Team 45 45 League T58"]
[Site "Internet Chess Club"]
[Date "2013.09.28"]
[Round "6"]
[White "AlPearson"]
[Black "MateMaster"]
[Result "0-1"]
[WhiteElo "1395"]
[BlackElo "1565"]
[Opening "Nimzo-Indian: classical variation"]
[ECO "E32"]
[Time "14:01:01"]
[TimeControl "2700+45"]

1. d4 Nf6 2. c4 e6 3. Nc3 Bb4 4. Qc2 O-O 5. Nf3 b6 6. Bg5 Ba6 7. e3 Bxc3+ 8.
bxc3 Nc6 9. Bd3 h6 10. Bh4 Na5 11. c5 Bxd3 12. Qxd3 bxc5 13. dxc5 d5 14. cxd6
cxd6 15. O-O d5 16. Rab1 Nc4 17. Rb7 a5 18. Rfb1 a4 19. Nd2 a3 20. Nxc4 dxc4 21.
Qxc4 Rc8 22. Qb4 Nd5 23. Bxd8 Nxb4 24. cxb4 Rfxd8 25. Ra7 Rc3 26. b5 Rd2 27. b6
Rb2 28. Rf1 Rxb6 29. g3 Rb2 30. Rd1 Rxa2 31. Rdd7 Rb2 32. Rxf7 a2 33. Rxg7+ Kf8
34. Kg2 Rc1 35. Rh7 Kg8 36. Rhd7 Rc8 37. Re7 e5 38. Rxe5 Rf8 39. Rea5 Rfxf2+ 40.
Kh3 Rxh2+ 41. Kg4 h5+ 42. Kf3 Rhf2+ 43. Ke4 Rb4+ 44. Ke5 Rg2 45. Rxa2 Rxg3 46.
Re2 Rg5+ 47. Kf6 Rg3 48. e4 h4 49. e5 Rb6+ 50. Kf5 Rb5 51. Ra4 h3 52. Rh4 Kg7
53. Ke6 Rg6+ 54. Kf5 Rg3 55. Ke6 Rb6+ 56. Kf5 Rb5 57. Ke6 Rg6+ 58. Kf5 Rg3 59.
Ke6 Rb6+ 60. Kf5 Rb5 61. Ke6 Kg6 62. Ke7 Rb7+ 63. Ke6 Rb6+ 64. Ke7 Kf5 65. Rh5+
Kf4 66. Rh8 Rg7+ 67. Kf8 Rc7 68. Rh4+ Kg3 69. Rxh3+ Kxh3 70. Re3+ Kg4 71. Re4+
Kf5 72. Rf4+ Kxf4 73. Ke8 Rb8# {White checkmated} 0-1

[Event "Team 45 45 League T58"]
[Site "Internet Chess Club"]
[Date "2013.09.28"]
[Round "6"]
[White "tornado100"]
[Black "chuckh2"]
[Result "0-1"]
[WhiteElo "1397"]
[BlackElo "1339"]
[Opening "French defense"]
[ECO "C01"]
[Time "15:30:51"]
[TimeControl "2700+45"]

1. e4 e6 2. d4 d5 3. f3 Nf6 4. Nc3 Be7 5. Be3 Nc6 6. Bb5 a6 7. Ba4 b5 8. exd5
exd5 9. Bb3 Na5 10. Nge2 Bb7 11. Qd2 Nxb3 12. axb3 Bb4 13. O-O Qd7 14. Ng3 O-O
15. Rfe1 Rfe8 16. Rad1 Re6 17. Re2 Rae8 18. Rde1 a5 19. Bf2 Ba6 20. Rxe6 Rxe6
21. Be3 c6 22. Bg5 h6 23. Bxf6 Rxf6 24. Re2 Re6 25. Kf2 c5 26. Rxe6 fxe6 27. Qe3
Qd6 28. Qd3 cxd4 29. Nxb5 Qc5 30. c4 dxc3+ 31. Ke1 cxb2+ 32. Kd1 Bxb5 33. Ne4
Qc1+ 34. Ke2 Bxd3+ 35. Kxd3 b1=Q+ 36. Kd4 Qbb2+ {White resigns} 0-1

[Event "Team 45 45 League T58"]
[Site "Internet Chess Club"]
[Date "2013.09.29"]
[Round "6"]
[White "artspir"]
[Black "Bizzy-Ketty"]
[Result "0-1"]
[WhiteElo "1159"]
[BlackElo "1450"]
[Opening "Queen's pawn game"]
[ECO "A46"]
[Time "13:15:23"]
[TimeControl "2700+45"]

1. d4 Nf6 2. Nf3 c5 3. e3 e6 4. c4 b6 5. Nc3 Bb7 6. Bd3 Nc6 7. a3 Be7 8. O-O O-O
9. Bd2 Qc7 10. Nb5 Qb8 11. b4 e5 12. dxe5 Nxe5 13. Nxe5 Qxe5 14. Bc3 Qg5 15. g3
Qh6 16. Bxf6 Bxf6 17. Rb1 Be5 18. f4 Bf6 19. Nd6 Rab8 20. Nf5 Qh3 21. Rf2 d5 22.
bxc5 bxc5 23. Nd6 Bc6 24. cxd5 Bxd5 25. Bf5 Qh6 26. Qxd5 Qh5 27. Rxb8 Rxb8 28.
g4 Qh3 29. Qxf7+ Kh8 30. g5 Qxe3 31. gxf6 Qe1+ 32. Kg2 Rg8 33. fxg7+ Rxg7+ 34.
Kf3 Rxf7 35. Nxf7+ Kg7 36. Ne5 Qc3+ 37. Kg4 Qe1 38. Rg2 Kf6 39. h4 Qd1+ 40. Nf3
Qd5 41. Ne5 Qxg2+ 42. Kh5 Kxf5 43. Kh6 Qh3 44. h5 Kxf4 45. Nc6 Qe6+ 46. Kxh7
Qxc6 47. h6 c4 48. Kg7 Qc8 49. h7 c3 50. h8=Q Qxh8+ 51. Kxh8 c2 52. a4 c1=Q 53.
Kg8 Qc7 {White resigns} 0-1

[Event "Team 45 45 League T58"]
[Site "Internet Chess Club"]
[Date "2013.09.29"]
[Round "6"]
[White "RedAttack"]
[Black "knightstormala"]
[Result "1-0"]
[WhiteElo "1857"]
[BlackElo "1752"]
[Opening "King's Indian: fianchetto, classical variation"]
[ECO "E67"]
[Time "19:05:33"]
[TimeControl "2700+45"]

1. d4 Nf6 2. g3 g6 3. Bg2 Bg7 4. c4 O-O 5. Nc3 d6 6. Nf3 Nbd7 7. O-O e5 8. dxe5
dxe5 9. Bg5 c6 10. Qd2 Qc7 11. Rad1 a5 12. Qd6 Qxd6 13. Rxd6 h6 14. Bxf6 Nxf6
15. Rfd1 Be6 16. b3 e4 17. Nd4 Ne8 18. Nxe6 fxe6 19. Nxe4 Nxd6 20. Rxd6 e5 21.
Rxg6 Kf7 22. Rg4 Bf6 23. Nd6+ Ke6 24. Nxb7 Ra6 {Black resigns} 1-0

[Event "Team 45 45 League T58"]
[Site "Internet Chess Club"]
[Date "2013.09.27"]
[Round "6"]
[White "Bryant-L"]
[Black "pereelcoix"]
[Result "0-1"]
[WhiteElo "1575"]
[BlackElo "1622"]
[Opening "Caro-Kann: advance variation"]
[ECO "B12"]
[Time "12:00:39"]
[TimeControl "2700+45"]

1. e4 c6 2. d4 d5 3. e5 Bf5 4. h4 h6 5. Bd3 Bxd3 6. Qxd3 e6 7. h5 c5 8. c3 c4 9.
Qc2 Nc6 10. f4 Be7 11. Nf3 Rc8 12. Be3 Qd7 13. g4 Bd8 14. Nbd2 Nge7 15. Nh4 O-O
16. Ndf3 f6 17. Ng6 Nxg6 18. hxg6 Ne7 19. exf6 Rxf6 20. Ne5 Qc7 21. g5 hxg5 22.
fxg5 Rf5 23. Qh2 Kf8 24. Qh8+ Ng8 25. Kd2 Bxg5 26. Bxg5 Rxg5 27. Raf1+ Rf5 28.
Rxf5+ exf5 29. Rf1 Ke7 30. Qxg7+ Ke6 31. Nf7 Qh2+ 32. Kd1 Qh5+ 33. Kc1 Qe2 34.
Rd1 Qe3+ 35. Kb1 Qe2 36. Rc1 Qd3+ 37. Ka1 Qe3 38. Rf1 Qe2 39. Rb1 f4 40. Ne5 Nf6
41. Qf7+ Kf5 42. g7 Qg2 43. Re1 Re8 44. a3 f3 45. Nxf3 Rxe1+ 46. Nxe1 Qg6 47.
Qe7 Qg4 48. Ka2 Qd1 49. Qe5+ Kg6 50. Qg3+ Kf7 51. Qc7+ Kg6 52. g8=Q+ Nxg8 53.
Qg3+ Kf7 54. Qf3+ Qxf3 55. Nxf3 Ke6 56. Ne5 Nf6 57. a4 a6 58. Ka3 a5 59. b3 Ne4
60. Kb2 cxb3 61. Kxb3 Nc5+ 62. Ka3 Kf5 63. Nf7 Ne4 64. Kb2 Kf6 65. Nd8 Nd6 66.
c4 Nxc4+ {White resigns} 0-1

[Event "Team 45 45 League T58"]
[Site "Internet Chess Club"]
[Date "2013.09.29"]
[Round "6"]
[White "Leon13"]
[Black "monkhammer"]
[Result "1/2-1/2"]
[WhiteElo "1422"]
[BlackElo "1656"]
[Opening "Giuoco Piano: four knights variation"]
[ECO "C50"]
[Time "13:02:56"]
[TimeControl "2700+45"]

1. e4 e5 2. Nf3 Nc6 3. Bc4 Bc5 4. Nc3 Nf6 5. a3 O-O 6. d3 d6 7. h3 h6 8. O-O Be6
9. Nh2 d5 10. exd5 Nxd5 11. Ne4 Bb6 12. c3 Qd7 13. Kh1 f5 14. Ng3 Rad8 15. Bb5
Qd6 16. c4 Nf6 17. f4 Qxd3 18. Qxd3 Rxd3 19. fxe5 Nxe5 20. c5 Rxg3 21. cxb6 axb6
22. Bf4 Rb3 23. Ba4 Nd3 24. Bxb3 Bxb3 25. Bxc7 Ne4 26. Kg1 b5 27. Nf3 Ng3 28.
Nd4 Nxf1 29. Nxb3 Ne3 30. Nd4 Nxb2 31. Nxb5 Rf7 32. Bf4 Nec4 33. Nd6 Nxd6 34.
Bxd6 g5 35. Rc1 Rd7 36. Rc8+ Kf7 37. Bb4 Nd3 38. Rf8+ Kg6 39. Bc3 Kh5 {Game
drawn by mutual agreement} 1/2-1/2

[Event "Team 45 45 League T58"]
[Site "Internet Chess Club"]
[Date "2013.09.29"]
[Round "6"]
[White "tamky70"]
[Black "Andressa"]
[Result "0-1"]
[WhiteElo "1406"]
[BlackElo "1497"]
[Opening "English: Carls' Bremen system"]
[ECO "A22"]
[Time "19:30:40"]
[TimeControl "2700+45"]

1. c4 e5 2. Nc3 Nf6 3. g3 Bc5 4. Bg2 O-O 5. d3 h6 6. Nf3 Nc6 7. O-O d5 8. cxd5
Nxd5 9. Nxd5 Qxd5 10. Nd2 Qd8 11. Ne4 Be7 12. Nc3 Be6 13. Be3 f5 14. Bh3 Nd4 15.
f4 Bf6 16. Ne4 fxe4 17. Bxe6+ Nxe6 18. dxe4 Qxd1 19. Raxd1 exf4 20. Bxf4 Nxf4
21. Rxf4 Bxb2 22. Rxf8+ Rxf8 23. Kg2 c5 24. Rb1 Bd4 25. Rxb7 Rf2+ 26. Kh3 Rxe2
27. Rxa7 Rxe4 28. Rc7 Re2 29. a4 Ra2 30. Rc8+ Kh7 31. Ra8 c4 32. a5 c3 33. a6 c2
34. Rc8 Be3 35. a7 Bxa7 {White resigns} 0-1

[Event "Team 45 45 League T58"]
[Site "Internet Chess Club"]
[Date "2013.10.01"]
[Round "6"]
[White "ScotchYeti"]
[Black "mhavgar"]
[Result "*"]
[WhiteElo "1657"]
[BlackElo "1785"]
[Opening "Caro-Kann: Panov-Botvinnik attack"]
[ECO "B13"]
[Time "13:33:35"]
[TimeControl "2700+45"]

1. e4 c6 2. d4 d5 3. exd5 cxd5 4. c4 Nf6 5. Nc3 Nc6 6. Nf3 Bg4 7. c5 Bxf3 8.
gxf3 e6 9. Bg5 Be7 10. Bb5 O-O 11. O-O {Game adjourned when White disconnected}
*

[Event "Team 45 45 League T58"]
[Site "Internet Chess Club"]
[Date "2013.09.28"]
[Round "6"]
[White "TwinsburgOHUSA"]
[Black "rayfincle"]
[Result "0-1"]
[WhiteElo "1386"]
[BlackElo "1507"]
[Opening "Queen's pawn, Mason variation"]
[ECO "D00"]
[Time "05:02:08"]
[TimeControl "2700+45"]

1. d4 d5 2. Bf4 Nf6 3. e3 Bf5 4. Nf3 Nh5 5. Bg3 Nxg3 6. hxg3 Nc6 7. Bd3 Bxd3 8.
Qxd3 h6 9. c3 e6 10. Nbd2 Bd6 11. Qb5 Qd7 12. c4 O-O 13. c5 Be7 14. a3 a6 15.
Qa4 b5 16. Qc2 Bf6 17. g4 Qe7 18. Nh2 e5 19. dxe5 Qxe5 20. O-O-O b4 21. Nhf3 Qe6
22. a4 d4 23. g5 dxe3 24. fxe3 b3 25. Nxb3 Qxe3+ 26. Kb1 Bxg5 27. Rde1 Qf4 28.
Re4 Qf6 29. Rg4 Nb4 30. Qe4 Rfe8 31. Qxb4 Rab8 32. Qc4 Rxb3 33. Qxb3 Qf5+ 34.
Ka2 Qxg4 35. Nxg5 Qxg5 36. Rf1 Qg6 37. g3 Qe6 38. Qxe6 Rxe6 39. Rf3 Kf8 40. b4
Ke7 41. Rd3 g5 42. Kb3 f5 43. Kc4 c6 44. Rf3 f4 45. gxf4 Re4+ 46. Kc3 Rxf4 47.
Rxf4 gxf4 48. Kd3 Ke6 49. b5 cxb5 50. axb5 axb5 {White resigns} 0-1

[Event "Team 45 45 League T58"]
[Site "Internet Chess Club"]
[Date "2013.09.28"]
[Round "6"]
[White "Berke"]
[Black "Gilguli"]
[Result "1-0"]
[WhiteElo "1480"]
[BlackElo "1427"]
[Opening "Latvian counter-gambit"]
[ECO "C40"]
[Time "14:01:10"]
[TimeControl "2700+45"]

1. e4 e5 2. Nf3 f5 3. Nc3 fxe4 4. Nxe4 d5 5. Ng3 Nc6 6. d3 Nf6 7. Bg5 Bb4+ 8. c3
Ba5 9. Be2 d4 10. Qc2 dxc3 11. bxc3 Bg4 12. O-O Qd6 13. Bxf6 gxf6 14. Ne4 Qe7
15. Qa4 O-O-O 16. Nxf6 Qxf6 17. Qxg4+ Kb8 18. Rab1 Rdg8 19. Qa4 Rg6 20. Ne1 Rhg8
21. g3 Bb6 22. Ng2 Rf8 23. Ne3 Ne7 24. Qe4 Rh8 25. c4 h5 26. c5 h4 27. cxb6 axb6
28. Bf3 c6 29. Ng4 Qe6 30. Qxe5+ Qxe5 31. Nxe5 Rg7 32. Rxb6 hxg3 33. fxg3 Nf5
34. Bxc6 Nxg3 35. hxg3 Ka7 36. Rxb7+ Rxb7 37. Bxb7 Kxb7 38. Kg2 {Black resigns}
1-0

[Event "Team 45 45 League T58"]
[Site "Internet Chess Club"]
[Date "2013.09.28"]
[Round "6"]
[White "xwang1"]
[Black "sonoftill"]
[Result "1-0"]
[WhiteElo "2141"]
[BlackElo "2180"]
[Opening "Sicilian: accelerated fianchetto, Maróczy bind, 6.Be3"]
[ECO "B38"]
[Time "12:31:44"]
[TimeControl "2700+45"]

1. e4 c5 2. Nf3 g6 3. d4 cxd4 4. Nxd4 Nc6 5. c4 Bg7 6. Be3 Nf6 7. Nc3 O-O 8. Be2
d6 9. O-O Nxd4 10. Bxd4 Bd7 11. f3 a5 12. Qd2 Bc6 13. b3 Nd7 14. Be3 Nc5 15.
Rab1 Qb6 16. Kh1 Qb4 17. Nd5 Bxd5 18. exd5 Rfe8 19. Qc1 Qc3 20. Qxc3 Bxc3 21.
Rfc1 Bf6 22. Bf1 h5 23. Rd1 Nd7 24. g3 Bg7 25. h4 Be5 26. Bf2 Bc3 27. Bh3 f5 28.
Rbc1 Bb4 29. Bd4 Bc5 30. Bb2 a4 31. Ra1 Ne5 32. Kg2 Kf7 33. Bc3 b5 34. b4 Nxc4
35. bxc5 Ne3+ 36. Kf2 Nxd1+ 37. Rxd1 dxc5 38. Bf1 b4 39. Bb2 Ra7 40. Bc4 Rd8 41.
Re1 Rb7 42. Bc1 Ke8 43. Bf4 b3 44. axb3 axb3 45. d6 b2 46. dxe7 Ra8 47. Bd5 b1=Q
48. Bc6+ Kf7 49. e8=Q+ Rxe8 50. Bxe8+ Kg7 51. Be5+ Kh7 52. Rxb1 Rxb1 53. Bf7 Rb7
54. Bd5 Re7 55. Bf6 Re8 56. Bc4 Rf8 57. Bg5 Re8 58. Be3 Re5 59. Ke2 Re8 60. Kd3
Rd8+ 61. Kc3 Rc8 62. Bd5 c4 63. Bxc4 Kg7 64. Kd3 Rd8+ 65. Bd4+ Kh6 66. Kc3 Rc8
67. Be3+ Kg7 68. Kd4 Rd8+ 69. Bd5 Re8 70. Bf4 Re2 71. Kc5 Kf6 72. Kd6 Re8 73.
Bg5+ Kg7 74. Be7 Rb8 75. Ke6 Rb6+ 76. Ke5 Ra6 77. Kf4 Ra7 78. Bd6 Rd7 79. Be5+
Kh6 80. Bc6 Re7 81. Bd6 Rf7 82. Bd5 Rd7 83. Bf8+ Kh7 84. Ke5 Rc7 85. Kf6 Rc8 86.
Be7 Rc7 87. Bf7 Rc6+ 88. Kg5 Kg7 89. Bd5 Rb6 90. Bc5 Rb5 91. Bd4+ Kh7 92. Be6
Ra5 93. Bf6 Ra7 94. Bd4 Ra4 95. Bc5 Ra6 96. Bd7 Ra5 97. Bb4 Ra7 98. Be8 Ra6 99.
Bc3 Re6 100. Bf7 Rd6 101. Bf6 {Black resigns} 1-0